Brit, neutral female human Wizard ------ |.)..| |..<.| ---.-- ## ------------- # |`.Y.......`| ### ..... .....| # |...-----...| ##### |...|.{.|....%#[######## --.---------- |..`|{.{|`..| # |...........| |...|.{.|...| ##..%%........| |..@--.--...| |...........| +..G..`.....| |...........| |`.........`| |...........| ------------- |...........| ------------- Brit the Conjurer Experience level: 3 Strength: 11 Dexterity: 14 Constitution: 13 Intelligence: 18 Wisdom: 9 Charisma: 11 Health: 0(30) Energy: 23(23) Def: 1 Gold: 116 Moves: 967 Dungeon seed: vhZQzzsX0hWQJqPk Game ID: Brit_1466736464 Your Inventory: Coins $ - 116 gold pieces Weapons a - a blessed +1 quarterstaff (weapon in hands) s - a +0 orcish dagger Armor e - an uncursed +0 cloak of magic resistance (being worn) Comestibles t - an uncursed food ration v - an uncursed partly eaten food ration Scrolls i - an uncursed scroll of scare monster j - an uncursed scroll of food detection Spellbooks k - a blessed spellbook of force bolt l - an uncursed spellbook of protection Potions f - an uncursed potion of paralysis g - an uncursed potion of fruit juice m - an uncursed potion of levitation r - a cursed potion of sleeping Rings c - an uncursed ring of fire resistance (on left hand) u - an uncursed ring of levitation Wands b - a wand of slow monster (0:5) Gems n - an uncursed jasper stone q - an uncursed worthless piece of green glass Spells and supernatural/magical abilities: Name Level Category Fail Memory a - force bolt 1 attack 0% 96% p - protection 1 clerical 0% 96% W - pray for help -- divine ? -- Your skills at the end: Fighting Skills Weapon Skills quarterstaff [Basic] Spellcasting Skills attack spells [Basic] enchantment spells [Basic] Final Attributes: You were devoutly aligned. You were fire resistant. You were magic-protected. You are dead. Vanquished creatures: a shrieker a coyote a giant rat 2 cave spiders a red mold a gnome a gecko 2 jackals a fox a kobold a goblin 8 grid bugs 2 bats 3 lichens a newt 27 creatures vanquished. Voluntary challenges: You were an atheist. You used a wielded weapon 31 times, starting on turn 42. You read items or engraved 1 time, starting on turn 335. You never genocided any monsters. You never polymorphed an object. You never changed form. You used no wishes. You never split a pudding. You never wrote Elbereth's name. You never violated your personal moral code. Dungeon overview: The Dungeons of Doom: levels 1 to 6 Level 1 a long staircase Level 2 Level 3 Level 4 a fountain Level 5 Level 6 <- You were here many fountains History has recorded: On T:1 you entered the Dungeons of Doom to retrieve the Amulet of Yendor! On T:229 you reached level 2 of The Dungeons of Doom. On T:246 you reached level 3 of The Dungeons of Doom. On T:429 you advanced to experience level 2. On T:563 you advanced to experience level 3. On T:635 you reached level 4 of The Dungeons of Doom. On T:829 you reached level 5 of The Dungeons of Doom. On T:859 you reached level 6 of The Dungeons of Doom. Score breakdown: Gold: 116 ( 7035 points) Experience: 3 levels ( 7878 points) Exploration: 6 levels ( 12.24%) ( 9682 points) Discoveries: 1 item ( 0.35%) ( 1767 points) Valuables value: (no points given unless you survive) Artifact value: 0 ( 0 points) Variety of kills: 15 monsters ( 3.94%) ( 5952 points) Turncount: 967 turns ( 0 points) Survival: died (score multiplied by 80%) Total score: 25851 Latest messages: The cave spider bites! You miss the cave spider. The cave spider bites! You miss the cave spider. The cave spider bites! You miss the cave spider. The cave spider bites! You miss the cave spider. The cave spider bites! You miss the cave spider. The cave spider bites! The gnome hits! You hit the cave spider. The cave spider bites! You kill the cave spider! The gnome hits! The cave spider bites! You miss the cave spider. The cave spider bites! You kill the cave spider! You see here a cave spider corpse. You hit the monkey. You see here a statue of a plains centaur. (2x) The gnome hits! You die... Final status: Goodbye Brit the Wizard, killed by a gnome... You died in The Dungeons of Doom on dungeon level 6 with 25851 points, and 116 pieces of gold, after 967 moves. You were level 3 with a maximum of 30 hit points when you died.